 Dungeon Crawl Stone Soup version 0.30-a0-509-gd016549fea (webtiles) character file.

Game seed: 3539894813968298506

2116 funkygono the Firebug (level 9, -15/61 HPs)
             Began as a Demonspawn Fire Elementalist on Dec 22, 2022.
             Was an Initiate of Vehumet.
             Demolished by Gastronok (34 damage)
             ... on level 8 of the Dungeon.
             The game lasted 00:11:37 (6693 turns).

funkygono the Firebug (DsFE)                        Turns: 6693, Time: 00:11:38

Health: -15/61     AC:  9    Str:  8    XL:     9   Next: 8%
Magic:  0/18       EV: 17    Int: 21    God:    Vehumet [......]
Gold:   516        SH:  0    Dex: 14    Spells: 13/20 levels left

rFire   . . .      SeeInvis .    c - +1 quarterstaff
rCold   . . .      Faith    .    (shield currently unavailable)
rNeg    . . .      Spirit   +    a - +0 robe
rPois   +          Reflect  .    o - +1 helmet
rElec   .          Harm     +    n - scarf {harm}
rCorr   .          Rampage  .    (no gloves)
Will    .....                    m - +2 pair of boots
Stlth   ++........               w - amulet of magic regeneration
HPRegen 0.30/turn                f - ring of poison resistance
MPRegen 0.72/turn                i - +4 ring of evasion

@: very slightly contaminated
A: molten scales 1, spiny 3, magic shield, magic regeneration
a: Renounce Religion


You were on level 8 of the Dungeon.
You worshipped Vehumet.
Vehumet was noncommittal.
You visited 2 branches of the dungeon, and saw 9 of its levels.

You collected 516 gold pieces.

Inventory:

Hand Weapons
 c - a +1 quarterstaff (weapon)
 h - a +0 whip
 A - a +3 long sword
Armour
 a - a +0 robe (worn)
 m - a +2 pair of boots (worn)
 n - a scarf of harm (worn)
 o - a +1 helmet (worn)
 v - a +0 cloak
Magical Staves
 l - a staff of air
 t - a staff of poison
Jewellery
 f - a ring of poison resistance (left hand)
 i - a +4 ring of evasion (right hand)
 w - an amulet of magic regeneration (around neck)
 B - a ring of protection from fire
Wands
 s - a wand of digging (15)
Scrolls
 d - a scroll of teleportation
 e - 3 scrolls of amnesia
 r - a scroll of immolation
 x - 2 scrolls of fear
 y - a scroll of blinking
Potions
 b - a potion of magic
 g - a potion of ambrosia
 j - a potion of berserk rage
 k - 3 potions of curing
 p - a potion of invisibility
 q - 3 potions of haste
 u - 2 potions of attraction
 z - 2 potions of flight
 D - a potion of heal wounds {unknown}


   Skills:
 + Level 2.1 Fighting
 + Level 3.5 Staves
 + Level 3.4 Dodging
 - Level 1.7 Stealth
 + Level 6.4 Spellcasting
 + Level 4.5 Conjurations
 + Level 6.5 Fire Magic


You had 13 spell levels left.
You knew the following spells:

 Your Spells              Type           Power      Damage    Failure   Level
a - Foxfire               Conj/Fire      100%       2x1d9     1%          1
b - Scorch                Fire           68%        2d8       1%          2
c - Flame Wave            Conj/Fire      30%        2d9       10%         4

Your spell library contained the following spells:

 Spells                   Type           Power      Damage    Failure   Level
 Inner Flame              Hex/Fire       20%        N/A       8%          3
 Kindle Blastsparks       Fire/Tloc/Air  30%        2d12      12%         3
 Ensorcelled Hibernation  Hex/Ice        12%        N/A       14%         2
 Call Canine Familiar     Summ           6%         N/A       28%         3
 Frozen Ramparts          Ice            12%        1d2       28%         3
 Portal Projectile        Hex/Tloc       12%        N/A       28%         3
 Spider Form              Tmut/Pois      6%         N/A       28%         3
 Tukima's Dance           Hex            6%         N/A       28%         3
 Anguish                  Hex/Necr       3%         N/A       67%         4
 Ice Form                 Ice/Tmut       6%         N/A       67%         4
 Leda's Liquefaction      Hex/Erth       3%         N/A       67%         4
 Summon Ice Beast         Ice/Summ       6%         N/A       67%         4
 Blade Hands              Tmut           3%         N/A       95%         5


Dungeon Overview and Level Annotations

Branches:
Dungeon (8/15)             Temple (1/1) D:7
   Lair: D:8-11

Altars:
Ashenzari
Cheibriados
Dithmenos
Fedhas
Gozag
Hepliaklqana
Kikubaaqudgha
Makhleb
Nemelex Xobeh
Okawaru
Qazlal
Ru
Trog
Uskayaw
Vehumet
Wu Jian
Yredelemnul
Lugonu

Shops:
D:6 *

Portals:
Abyss: D:5

Annotations:
D:8 Gastronok


Innate Abilities, Weirdness & Mutations

You are partially covered in molten scales. (AC +2)
You are completely covered in sharp spines.
When hurt, damage is shared between your health and your magic reserves.
You regenerate magic rapidly.


Message History

The air twists around and strikes you!!
* * * LOW HITPOINT WARNING * * *
Unknown command.
Casting: Scorch (safe; 1% risk of failure)
Confirm with . or Enter, or press ? or * to list all spells.
You conjure some foxfire!
Casting: Foxfire (safe; 1% risk of failure)
Confirm with . or Enter, or press ? or * to list all spells.
Flames lash Gastronok.
Gastronok is burned terribly!
Gastronok is moderately wounded.
You hear a shout!
The foxfire hits Gastronok.
Gastronok is burned terribly!
Gastronok is heavily wounded.
The foxfire hits Gastronok!
Gastronok is burned terribly!
Gastronok is heavily wounded.
Unknown command.
Casting: Scorch (safe; 1% risk of failure)
Confirm with . or Enter, or press ? or * to list all spells.
You conjure some foxfire!
Casting: Foxfire (safe; 1% risk of failure)
Confirm with . or Enter, or press ? or * to list all spells.
You miscast Scorch.
You are very lightly contaminated with residual magic.
Nothing appears to happen.
The foxfire hits Gastronok!
Gastronok is burned terribly!
Gastronok is heavily wounded.
The foxfire hits Gastronok!
Gastronok is burned terribly!
Gastronok is severely wounded.
Unknown command.
Casting: Scorch (safe; 1% risk of failure)
Confirm with . or Enter, or press ? or * to list all spells.
You don't have enough magic to cast this spell.
Unknown command.
You hit Gastronok.
Gastronok is severely wounded.
You hit Gastronok.
Gastronok is severely wounded.
Gastronok is struck by your spines. Gastronok bites you!!
Ouch! That really hurt!
You die...

###.. .... ....
#..# ##... ..
#...###....
##...w......
.####...@# ...
..#......# ....
.........##.....
......##..#.....
.....###........
................
................
.......<......##
..#...........#


You could see Gastronok (combustible).

Vanquished Creatures
  The ghost of kae the Conjurer, a novice TeFE of Vehumet (D:5)
  An ice beast (D:5)
  A black bear (D:6)
  2 orc warriors (D:7)
  A sky beast (D:6)
  A centaur (D:7)
  A bullfrog (D:7)
  A scorpion (D:7)
  A necrophage (D:6)
  A wight (D:5)
  3 howler monkeys (D:7)
  4 hounds
  2 jellies
  4 orc priests
  4 iguanas
  7 orc wizards
  7 adders
  16 gnolls
  5 white imps
  2 ufetubi
  A worm (D:4)
  A dart slug (D:4)
  22 orcs
  3 endoplasms
  5 giant cockroaches
  36 goblins
  20 hobgoblins
  5 jackals
  11 kobolds
  4 quokkas
  8 ball pythons
  9 bats
  A frilled lizard (D:1)
  7 rats
  A lurking horror (D:5)
199 creatures vanquished.

Vanquished Creatures (others)
  413 foxfires
413 creatures vanquished.

Grand Total: 612 creatures vanquished

Notes
Turn   | Place    | Note
-------+----------+-------------------------------------------
     0 | D:1      | funkygono the Demonspawn Fire Elementalist began the quest
                  | for the Orb.
     0 | D:1      | Reached XP level 1. HP: 13/13 MP: 3/3
   278 | D:1      | Gained mutation: You are partially covered in sharp spines.
                  | [demonic ancestry]
   278 | D:1      | Reached XP level 2. HP: 19/19 MP: 3/5
   281 | D:1      | Learned a level 2 spell: Scorch
  1004 | D:2      | Gained mutation: You regenerate magic rapidly. [demonic
                  | ancestry]
  1004 | D:2      | Reached XP level 3. HP: 24/24 MP: 3/6
  1503 | D:2      | Reached XP level 4. HP: 30/30 MP: 6/8
  1571 | D:2      | Found a faded altar of an unknown god.
  1733 | D:2      | Gained mutation: You are mostly covered in sharp spines.
                  | [demonic ancestry]
  1733 | D:2      | Reached XP level 5. HP: 33/35 MP: 4/9
  1886 | D:2      | Learned a level 4 spell: Flame Wave
  2231 | D:3      | Found an opulent altar of Gozag.
  3253 | D:4      | Gained mutation: You are completely covered in sharp
                  | spines. [demonic ancestry]
  3253 | D:4      | Reached XP level 6. HP: 34/41 MP: 8/11
  3444 | D:4      | HP: 2/41 [gnoll/+0 spear (2)]
  3920 | D:4      | Found a basalt altar of Yredelemnul.
  4342 | D:5      | Entered Level 5 of the Dungeon
  4350 | D:5      | Found a one-way gate to the infinite horrors of the Abyss.
  4451 | D:5      | Found a corrupted altar of Lugonu.
  4503 | D:5      | Reached skill level 1 in Fighting
  4570 | D:5      | Found a runed translucent gate.
  4572 | D:5      | Found a runed translucent gate.
  4573 | D:5      | Found a runed translucent gate.
  4573 | D:5      | Noticed kae's ghost (novice TeFE)
  4611 | D:5      | Reached XP level 7. HP: 48/48 MP: 13/13
  4642 | D:5      | Reached skill level 1 in Staves
  4642 | D:5      | Reached skill level 5 in Fire Magic
  5040 | D:5      | Found a burning altar of Makhleb.
  5079 | D:5      | Found a hide-covered altar of Uskayaw.
  5086 | D:5      | Found a hazy altar of Hepliaklqana.
  5151 | D:5      | Killed kae's ghost
  5153 | D:5      | Reached skill level 5 in Spellcasting
  5328 | D:6      | Gained mutation: You are partially covered in molten
                  | scales. (AC +2) [demonic ancestry]
  5328 | D:6      | Reached XP level 8. HP: 53/54 MP: 15/15
  5542 | D:6      | Found Budeupe's Overcharged Wands.
  5882 | D:7      | Found a staircase to the Ecumenical Temple.
  5948 | Temple   | Entered the Ecumenical Temple
  5967 | Temple   | Became a worshipper of Vehumet
  6220 | D:7      | Found a sparkling altar of Nemelex Xobeh.
  6220 | D:7      | Found a broken altar of Ashenzari.
  6228 | D:7      | Found a bloodstained altar of Trog.
  6232 | D:7      | Found an iron altar of Okawaru.
  6266 | D:7      | Found a blossoming altar of Fedhas.
  6271 | D:7      | Found a stormy altar of Qazlal.
  6410 | D:7      | Gained mutation: When hurt, damage is shared between your
                  | health and your magic reserves. [demonic ancestry]
  6410 | D:7      | Reached XP level 9. HP: 61/61 MP: 16/18
  6683 | D:8      | Noticed Gastronok
  6693 | D:8      | Demolished by Gastronok

Illustrated notes

Levels and vault maps discovered:
D:1:      lightli_arrival_maybe_door_vault, layout_loops_cross
D:2:      layout_loops_cross, ebering_ecumenical_altar_rust, minivault_27,
          chequers_mini_garden
D:3:      layout_rooms, pdpol_temple_overflow_zin_treasury_gozag_greed,
          minivault_11, st_stairs_12
D:4:      minmay_goblin_kobold_castle, layout_basic,
          mainiacjoe_overflow_alcove_4, minmay_misc_feat_nine_boxes
D:5:      cheibrodos_quashed, layout_loops_ring, lemuel_doored_altar,
          amethyst_overflow_temple_binary, gammafunk_ghost_split,
          amcnicky_altar_lugonu_corruption
D:6:      layout_cave_pools, nicolae_shop_overcharged_wands
D:7:      layout_basic, grunt_temple_overflow_forces_of_nature,
          chequers_temple_overflow_minitemple,
          minmay_temple_entry_statues_fountains
D:8:      gammafunk_sealed_arena, layout_cave_pools, led_sif_pool,
          lemuel_crystal_altar, serial_shops, nicolae_shop_statue_plus,
          st_stairs_2, chequers_serial_rivers_small_a, uniq_gastronok
Temple:   hellmonk_temple_two_chambers

Skill      XL: |  1  2  3  4  5  6  7  8 |
---------------+-------------------------+-----
Dodging        | 2 3 |  3.4
Fire Magic     | 3 4 5 6 |  6.5
Spellcasting   | 3 4 5 6 |  6.4
Conjurations   | 2 3 4 |  4.5
Fighting       | 1 2 |  2.1
Staves         | 1 3 |  3.5
Stealth        | |  1.7

Action                   |  1- 3 |  4- 6 |  7- 9 || total
-------------------------+-------+-------+-------++-------
Melee: Quarterstaff      |    14 |    32 |    66 ||   112
 Cast: Foxfire           |    58 |   119 |    74 ||   251
       Scorch            |     8 |    12 |    17 ||    37
  Use: Scroll            |       |     9 |     7 ||    16
 Stab: Sleeping          |     1 |     1 |     1 ||     3
Armor: Robe              |     5 |     8 |    15 ||    28
Dodge: Dodged            |    12 |    43 |    58 ||   113

Table legend: (Time is in decaauts)
 A = Elapsed time spent in this place.
 B = Non-inter-level travel time spent in this place.
 C = Inter-level travel time spent in this place.
 D = Time resting spent in this place.
 E = Time spent auto-exploring this place.
 F = Levels seen in this place.
 G = Mean time per level.
                   A        B        C        D        E       F      G
               +--------+--------+--------+--------+--------+-----+--------+
         Total |   6722 |   6399 |    323 |     88 |   4939 |   9 |  746.9 |
       Dungeon |   6693 |   6380 |    313 |     88 |   4926 |   8 |  836.6 |
        Temple |     28 |     19 |      9 |      0 |     13 |   1 |   28.0 |
               +--------+--------+--------+--------+--------+-----+--------+

Top non-repeatable levels by time:
     D:4: 1815 daAuts
     D:2: 1033 daAuts
     D:1: 932 daAuts
     D:5: 928 daAuts
     D:7: 848 daAuts
     D:3: 578 daAuts
     D:6: 540 daAuts
  Temple: 28 daAuts
     D:8: 17 daAuts
